[Event "Titled Tuesday Blitz September 27 Early 2022"]
[White "Al-Tarboush, Ward"]
[Black "Aloma Vidal, Robert"]
[WhiteFideId "7601450"]
[BlackFideId "2260409"]
[WhiteElo "2234"]
[BlackElo "2435"]
[Result "1-0"]
[Round "06"]
[TimeControl "180+1"]
[Date "2022.09.27"]
[WhiteClock "0:00:10"]
[BlackClock "0:00:33"]

1. e4 e5 2. Nf3 Nf6 3. Nxe5 d6 4. Nf3 Nxe4 5. Qe2 Qe7 6. d3 Nf6 7. Bg5 Nbd7 8. Nc3 c6 9. Ne4 d5 10. Nxf6+ Nxf6 11. Bxf6 gxf6 12. Qxe7+ Kxe7 13. d4 h5 14. h4 Rg8 15. O-O-O f5 16. Rg1 f4 17. Bd3 Kf6 18. Ne5 Bd6 19. Rde1 Be6 20. c3 Rg7 21. f3 Rag8 22. Re2 Rg3 23. Bc2 c5 24. Kd1 cxd4 25. cxd4 Rc8 26. Bb3 b5 27. Rc2 Rxc2 28. Bxc2 Bxe5 29. dxe5+ Kxe5 30. Ke2 d4 31. Kf2 Rg8 32. Re1+ Kd6 33. Re4 Kc5 34. a3 Rd8 35. Bd3 Bc4 36. b4+ Kd5 37. Ke2 f5 38. Rxf4 Ke5 39. Rxf5+ Ke6 40. Rf4 Ke5 41. Re4+ Kd5 42. Kd2 Rg8 43. g4 hxg4 44. Rxg4 Rf8 45. f4 Re8 46. Rg5+ Kd6 47. Re5 Rg8 48. Rg5 Re8 49. Re5 Rxe5 50. fxe5+ Kxe5 51. h5 Kf6 52. h6 a6 53. h7 Kg7 54. Bxc4 bxc4 55. a4 Kxh7 56. b5 axb5 57. axb5 Kg6 58. b6 Kf5 59. b7 Ke4 60. b8=Q c3+ 61. Kc2 Ke3 62. Qe5+ Kf2 63. Qxd4+ Ke2 64. Qxc3 Kf1 65. Qd2 Kg1 66. Kd3 Kh1 67. Ke3 Kg1 68. Kf3 Kh1 69. Qg2# 1-0


[Site "https://www.chess.com"]

[Event "Titled Tuesday Blitz September 27 Early 2022"]
[White "Amgalantengis, Enkh-Amgalan"]
[Black "Antonova, Nadezhda"]
[WhiteFideId "4903536"]
[BlackFideId "14700182"]
[WhiteElo "1719"]
[BlackElo "1805"]
[Result "1-0"]
[Round "06"]
[TimeControl "180+1"]
[Date "2022.09.27"]
[WhiteClock "0:01:18"]
[BlackClock "0:00:03"]

1. c4 Nf6 2. Nf3 g6 3. g3 Bg7 4. Bg2 O-O 5. O-O d6 6. Nc3 Nc6 7. d3 e5 8. Bg5 h6 9. Bxf6 Bxf6 10. Nd5 Bg7 11. Rb1 a5 12. a3 a4 13. b4 axb3 14. Qxb3 Nd4 15. Nxd4 exd4 16. e4 dxe3 17. Nxe3 c6 18. a4 Re8 19. h4 h5 20. Rfe1 Re7 21. Nc2 Bf5 22. Ne3 Be6 23. Red1 Bd4 24. Nc2 Bg7 25. d4 Bf5 26. Rbc1 Bh6 27. Ra1 Re2 28. Ne1 Qd7 29. Bf3 Re7 30. a5 Rae8 31. Nd3 Be4 32. Ne1 Bf5 33. Ng2 Bg4 34. a6 bxa6 35. Rxa6 Bf5 36. Bxc6 Qe6 37. Bxe8 Rxe8 38. Re1 Qxe1+ 39. Nxe1 Rxe1+ 40. Kg2 Be4+ 41. f3 Bf5 42. Rxd6 Re2+ 43. Kf1 Re3 44. Qb7 Bd3+ 45. Kg1 Re1+ 46. Kh2 Re2+ 47. Kg1 Be3+ 48. Kh1 Re1+ 49. Kh2 Bg1+ 50. Kg2 Be3 51. Qb2 Re2+ 52. Qxe2 Bxe2 53. c5 Kf8 54. c6 Ke7 55. Rd5 Bc4 56. Re5+ Kd6 57. Rxe3 Kxc6 58. Re5 Be6 59. Kf2 Kd6 60. Ke3 Bd5 61. Kf4 Be6 62. Kg5 Ke7 63. Re3 Kd6 64. g4 hxg4 65. fxg4 Kd5 66. h5 gxh5 67. gxh5 1-0


[Site "https://www.chess.com"]

[Event "Titled Tuesday Blitz September 27 Early 2022"]
[White "Ansh M Shah"]
[Black "Marin Ramirez, Gerardo"]
[WhiteFideId "25033379"]
[BlackFideId "3901068"]
[WhiteElo "1819"]
[BlackElo "1920"]
[Result "1-0"]
[Round "06"]
[TimeControl "180+1"]
[Date "2022.09.27"]
[WhiteClock "0:00:32"]
[BlackClock "0:00:14"]

1. d4 d5 2. c4 c6 3. cxd5 Nf6 4. Nc3 cxd5 5. Bf4 e6 6. e3 a6 7. Nf3 Bd6 8. Bxd6 Qxd6 9. Ne5 O-O 10. Bd3 b5 11. f4 Bb7 12. O-O b4 13. Na4 a5 14. Nc5 Ba6 15. Nxa6 Nxa6 16. Rc1 Rfc8 17. Qa4 Qb6 18. Qb5 Qxb5 19. Bxb5 Rxc1 20. Rxc1 g5 21. fxg5 Ne4 22. Rc6 b3 23. a3 Nb4 24. axb4 axb4 25. h4 Ra2 26. Bd3 Rxb2 27. Bxe4 dxe4 28. Rb6 Rc2 29. Rxb4 b2 30. Kh2 Kf8 31. Nd7+ Ke7 32. Nf6 Kd6 33. Nxe4+ Kd5 34. Nf6+ Kd6 35. e4 Rd2 36. Nxh7 Kc6 37. Nf6 Rxd4 38. Rxb2 Rd2 39. Rxd2 Kc5 40. Rd7 Kc4 41. Rxf7 Kc3 42. Re7 Kc2 43. Rxe6 Kd1 44. Rd6+ Ke2 45. Re6 Ke3 46. e5 Kf4 47. Rd6 Kf5 48. Rd4 Ke6 49. Rf4 Kxe5 50. Nh5 Ke6 51. g3 Ke5 52. Nf6 Kd6 53. Ng4 Ke6 54. Nf2 Kd5 55. g6 1-0


[Site "https://www.chess.com"]

[Event "Titled Tuesday Blitz September 27 Early 2022"]
[White "Antonio, Jorge Carlos"]
[Black "Guliev, Logman"]
[WhiteFideId "113190"]
[BlackFideId "13400061"]
[WhiteElo "2247"]
[BlackElo "2128"]
[Result "0-1"]
[Round "06"]
[TimeControl "180+1"]
[Date "2022.09.27"]
[WhiteClock "0:00:03"]
[BlackClock "0:00:22"]

1. d4 Nf6 2. Nf3 g6 3. c4 Bg7 4. Nc3 d6 5. e4 O-O 6. Be2 Nbd7 7. O-O e5 8. d5 a5 9. h3 Nc5 10. Qc2 b6 11. Be3 Bd7 12. b3 h5 13. a3 Nh7 14. b4 Nb7 15. Rac1 f5 16. Bd2 Qe7 17. Nb5 Be8 18. Bd3 f4 19. Qb3 g5 20. Kh2 g4 21. hxg4 hxg4 22. Ne1 Qh4+ 23. Kg1 Ng5 24. Be2 g3 25. fxg3 fxg3 26. Rxf8+ Bxf8 27. Be3 Nxe4 28. Nf3 Qh7 29. Bd3 Bg6 30. Qc2 axb4 31. axb4 Bh6 32. Bxh6 Qxh6 33. Bxe4 Qe3+ 34. Kh1 Kg7 35. Bxg6 Rh8+ 36. Bh7 Rxh7+ 37. Qxh7+ Kxh7 38. Re1 Qf4 39. Nxc7 Qxc4 40. Ne6 Qxb4 41. Nfg5+ Kg6 42. Ne4 Nc5 43. N6g5 Qxe1# 0-1


[Site "https://www.chess.com"]

[Event "Titled Tuesday Blitz September 27 Early 2022"]
[White "Ardila, Oscar Humberto"]
[Black "Guerrero Olmos, Sergio"]
[WhiteFideId "4404742"]
[BlackFideId "2257238"]
[WhiteElo "1898"]
[BlackElo "2259"]
[Result "0-1"]
[Round "06"]
[TimeControl "180+1"]
[Date "2022.09.27"]
[WhiteClock "0:00:14"]
[BlackClock "0:00:27"]

1. d4 d5 2. c4 Nc6 3. Nf3 Bg4 4. Nbd2 Nf6 5. h3 Bh5 6. g4 Bg6 7. Bg2 e6 8. O-O Be7 9. c5 O-O 10. e3 b6 11. Qa4 Qd7 12. Qa3 bxc5 13. dxc5 a5 14. Nb3 Rfb8 15. Nbd4 Ne4 16. Bd2 Bxc5 17. Qa4 Nxd2 18. Qxc6 Nxf3+ 19. Bxf3 Qxc6 20. Nxc6 Rb6 21. Ne5 Rxb2 22. Rac1 Bd6 23. Nxg6 hxg6 24. a4 Rab8 25. Rc6 R8b6 26. Rxb6 Rxb6 27. Rc1 c5 28. Kf1 f5 29. Be2 c4 30. Ke1 Rb4 31. Ra1 Be5 32. Ra2 Bc3+ 33. Kd1 Kf7 34. Kc2 Be1 35. f3 Kf6 36. Kd1 Bf2 37. e4 d4 38. Kd2 Be3+ 39. Kd1 d3 40. Bf1 Rb1# 0-1


[Site "https://www.chess.com"]

[Event "Titled Tuesday Blitz September 27 Early 2022"]
[White "Arutinian, David"]
[Black "Rose, Felix"]
[WhiteFideId "13601741"]
[BlackFideId "5105722"]
[WhiteElo "2525"]
[BlackElo "2039"]
[Result "1-0"]
[Round "06"]
[TimeControl "180+1"]
[Date "2022.09.27"]
[WhiteClock "0:02:29"]
[BlackClock "0:01:35"]

1. Nf3 d5 2. e3 Nf6 3. c4 e6 4. b3 Be7 5. Bb2 O-O 6. Nc3 b6 7. cxd5 Nxd5 8. Qc2 Bb7 9. h4 Nd7 10. Ng5 g6 11. Nxd5 Bxd5 12. Nxh7 Kxh7 13. h5 f5 14. hxg6+ Kxg6 15. Qd1 Nf6 16. Bxf6 Bxf6 17. Qh5+ 1-0


[Site "https://www.chess.com"]

[Event "Titled Tuesday Blitz September 27 Early 2022"]
[White "Avazkhonov, Alikhon"]
[Black "Domingo Nunez, Ruben"]
[WhiteFideId "14208504"]
[BlackFideId "22245570"]
[WhiteElo "1739"]
[BlackElo "2406"]
[Result "1-0"]
[Round "06"]
[TimeControl "180+1"]
[Date "2022.09.27"]
[WhiteClock "0:00:39"]
[BlackClock "0:00:16"]

1. d4 g6 2. e4 Bg7 3. Nc3 c6 4. Be3 d5 5. f3 e6 6. Qd2 Nd7 7. O-O-O a5 8. Kb1 a4 9. h4 a3 10. b3 h5 11. Nh3 b6 12. e5 Ba6 13. Nf4 Nh6 14. Bxa6 Rxa6 15. Qd3 Nb8 16. Nxe6 fxe6 17. Qxg6+ Kf8 18. Qxe6 Qd7 19. Qg6 Qf5 20. Qd6+ Kf7 21. g4 Qd7 22. Qxd7+ Nxd7 23. Bxh6 Bxh6 24. g5 Bg7 25. Ne2 Nf8 26. f4 c5 27. c3 Nd7 28. f5 Nxe5 29. dxe5 Bxe5 30. Rxd5 Re8 31. Rd7+ Kg8 32. f6 Kf8 33. Rf1 b5 34. Nf4 Bxf4 35. Rxf4 Rae6 36. g6 Re1+ 37. Kc2 R8e2+ 38. Rd2 Rxd2+ 39. Kxd2 Rg1 40. g7+ Kf7 41. Rf5 Rg2+ 42. Kd3 Rg3+ 43. Ke4 Rg4+ 44. Ke5 b4 45. cxb4 c4 46. bxc4 Rg1 47. Rg5 Re1+ 48. Kd5 Re8 49. g8=Q+ Rxg8 50. Rxg8 1-0


[Site "https://www.chess.com"]

[Event "Titled Tuesday Blitz September 27 Early 2022"]
[White "Averjanov, Alexey"]
[Black "Zenin, Dmitry"]
[WhiteFideId "14109867"]
[BlackFideId "4127897"]
[WhiteElo "2651"]
[BlackElo "2215"]
[Result "1-0"]
[Round "06"]
[TimeControl "180+1"]
[Date "2022.09.27"]
[WhiteClock "0:00:28"]
[BlackClock "0:00:14"]

1. d4 Nf6 2. c4 g6 3. Nc3 Bg7 4. e4 d6 5. Be2 O-O 6. Nf3 Na6 7. O-O e5 8. Qc2 Nb4 9. Qb1 Nc6 10. d5 Nd4 11. Qd3 Nd7 12. Be3 Nc5 13. Qd2 Nxe2+ 14. Qxe2 f5 15. exf5 gxf5 16. Bxc5 dxc5 17. Nxe5 f4 18. Rae1 Qg5 19. Nf3 Qh5 20. Ne5 f3 21. Nxf3 Bg4 22. Ne4 Rxf3 23. gxf3 Bxf3 24. Qe3 Rf8 25. Qg5 Qh3 26. Qg3 Qf5 27. Nxc5 Kh8 28. Ne6 Rg8 29. Nxg7 1-0


[Site "https://www.chess.com"]

[Event "Titled Tuesday Blitz September 27 Early 2022"]
[White "Azaiez, Fahmi"]
[Black "Lakshmi C"]
[WhiteFideId "5500818"]
[BlackFideId "25035347"]
[WhiteElo "2468"]
[BlackElo "1775"]
[Result "1-0"]
[Round "06"]
[TimeControl "180+1"]
[Date "2022.09.27"]
[WhiteClock "0:00:21"]
[BlackClock "0:00:01"]

1. e4 c5 2. Nf3 Nc6 3. Nc3 e5 4. Bc4 Be7 5. d3 Nf6 6. Nd2 O-O 7. Nf1 Na5 8. Ne3 Nxc4 9. dxc4 d6 10. Qd3 Ng4 11. Ned5 f5 12. f3 fxe4 13. Nxe4 Nf6 14. Bg5 Nxd5 15. Qxd5+ Kh8 16. h4 Bf5 17. O-O-O Bxe4 18. Qxe4 Bxg5+ 19. hxg5 Qxg5+ 20. Kb1 Qf5 21. Qxb7 Rab8 22. Qxa7 e4 23. b3 exf3 24. gxf3 Qxf3 25. Rhg1 Qf6 26. Rxd6 Qc3 27. Qxc5 Ra8 28. Rd3 Qf6 29. Qd6 Qf2 30. Rdd1 Qa7 31. a4 Rab8 32. Qd4 Qf7 33. Qc3 Rfc8 34. c5 Qe7 35. Rd6 Qa7 36. Qd4 Qf7 37. Kb2 Re8 38. c6 Re7 39. Rd8+ Re8 40. Rd7 1-0


[Site "https://www.chess.com"]

[Event "Titled Tuesday Blitz September 27 Early 2022"]
[White "Azaladze, Shota"]
[Black "Oparin, Grigoriy"]
[WhiteFideId "13603027"]
[BlackFideId "24125890"]
[WhiteElo "2439"]
[BlackElo "2639"]
[Result "1/2-1/2"]
[Round "06"]
[TimeControl "180+1"]
[Date "2022.09.27"]
[WhiteClock "0:00:09"]
[BlackClock "0:00:04"]

1. Nf3 Nf6 2. g3 d5 3. Bg2 g6 4. O-O Bg7 5. b3 O-O 6. Bb2 c6 7. c4 Nbd7 8. d3 b5 9. Nbd2 Bb7 10. Rc1 Rc8 11. Rc2 Re8 12. Qa1 a6 13. Rfc1 Qb6 14. cxd5 cxd5 15. Bd4 Qd6 16. Rxc8 Rxc8 17. Rxc8+ Bxc8 18. Qc3 Bb7 19. b4 Qc6 20. Qxc6 Bxc6 21. Nb3 Ne8 22. Bxg7 Kxg7 23. Nfd4 Ba8 24. f4 e6 25. Kf2 Kf8 26. g4 h6 27. h4 Ke7 28. g5 h5 29. Ke3 f6 30. gxf6+ Kxf6 31. Nf3 Nd6 32. Bh3 Bb7 33. Nbd4 Nf8 34. Ne5 Ke7 35. Ndf3 Nc8 36. Kd4 Nb6 37. Ng5 Kd6 38. Ngf7+ Ke7 39. a3 Na4 40. Ng5 Kd6 41. e3 Ke7 42. Bf1 Kd6 43. Be2 Ke7 44. Bd1 Nb6 45. Kc5 Nbd7+ 46. Kd4 Nxe5 47. fxe5 Nd7 48. Be2 Nb6 49. Bf3 Na4 50. Bd1 Nb6 51. Kc5 Nd7+ 52. Kd4 Nb6 53. Bf3 Na4 54. Bg2 Bc6 55. Bh3 Bd7 56. e4 Nb6 57. Bg2 dxe4 58. Bxe4 Be8 59. Kc5 Na4+ 60. Kd4 Nb6 61. Bb7 Na4 62. Bxa6 Bc6 63. Bc8 Bd5 64. Ne4 Bxe4 65. Kxe4 Nc3+ 66. Kd4 Nb1 67. Kc5 Nxa3 68. Bb7 Kf7 69. Be4 g5 70. hxg5 h4 71. d4 h3 72. g6+ Kg7 73. Kd6 h2 74. Kxe6 Nc2 75. d5 Nxb4 76. d6 Na6 77. d7 Nc5+ 78. Kd5 Nxe4 79. d8=Q h1=Q 80. Qe7+ Kxg6 81. Qe8+ Kf5 82. Qc8+ Kf4 83. Qf8+ Ke3 84. Qa3+ Kf4 85. Qf8+ Kg4 86. Qg7+ Ng5+ 87. Kc5 Qe4 88. Kxb5 Kf5 89. Kb6 Qd4+ 90. Kb7 Qxe5 91. Qxe5+ Kxe5 1/2-1/2


[Site "https://www.chess.com"]

[Event "Titled Tuesday Blitz September 27 Early 2022"]
[White "Baches Garcia, Guillermo"]
[Black "Dahale, Atul"]
[WhiteFideId "2209764"]
[BlackFideId "5037794"]
[WhiteElo "2412"]
[BlackElo "2017"]
[Result "1-0"]
[Round "06"]
[TimeControl "180+1"]
[Date "2022.09.27"]
[WhiteClock "0:00:19"]
[BlackClock "0:00:28"]

1. e4 d6 2. d4 Nf6 3. f3 g6 4. Be3 Bg7 5. Qd2 O-O 6. g4 e5 7. Ne2 exd4 8. Nxd4 c5 9. Nb3 Bxg4 10. Be2 Be6 11. Nc3 d5 12. Nxc5 dxe4 13. Qxd8 Rxd8 14. Nxe6 fxe6 15. fxe4 Nc6 16. O-O Ne5 17. Rad1 Nfg4 18. Rxd8+ Rxd8 19. Bxa7 Rd2 20. h3 Nf6 21. Bd1 Nc6 22. Be3 Rd7 23. Be2 Ne5 24. Rd1 Rxd1+ 25. Bxd1 Kf7 26. Be2 Nfd7 27. Kf2 Ke7 28. Bd3 Bf6 29. Ke2 Bh4 30. Nb5 h5 31. Nd4 g5 32. Nf3 Nxf3 33. Kxf3 Ne5+ 34. Kg2 g4 35. hxg4 hxg4 36. Be2 Bf6 37. Bf4 Nc6 38. c3 e5 39. Be3 Na5 40. Kg3 Kd6 41. Kxg4 Kc6 42. Kf5 Bg7 43. b4 1-0


[Site "https://www.chess.com"]

[Event "Titled Tuesday Blitz September 27 Early 2022"]
[White "Bacrot, Etienne"]
[Black "Kodinets, Konstantin L."]
[WhiteFideId "605506"]
[BlackFideId "4122011"]
[WhiteElo "2666"]
[BlackElo "2447"]
[Result "1-0"]
[Round "06"]
[TimeControl "180+1"]
[Date "2022.09.27"]
[WhiteClock "0:00:05"]
[BlackClock "0:00:02"]

1. e4 e5 2. Nf3 d6 3. d4 exd4 4. Nxd4 Nf6 5. Nc3 Be7 6. Rg1 O-O 7. g4 d5 8. e5 Ne4 9. Nxe4 dxe4 10. Bf4 Bg5 11. Bg3 c5 12. Nf5 Qa5+ 13. c3 Rd8 14. Nd6 Nc6 15. Bc4 Be6 16. Bxe6 fxe6 17. Qe2 e3 18. fxe3 Rd7 19. Qc4 Nd8 20. Ke2 Be7 21. Rgf1 Bxd6 22. exd6 Rc8 23. Rad1 b5 24. Qe4 Qxa2 25. Rd2 Qc4+ 26. Qxc4 bxc4 27. Rf4 Rb8 28. Rxc4 Rb5 29. e4 Kf7 30. e5 Nc6 31. Ke3 a5 32. Rf2+ Kg6 33. h4 h5 34. gxh5+ Kxh5 35. Kd3 Rdb7 36. Ke3 Kg6 37. Rg4+ Kh7 38. h5 Nb8 39. Bh4 Nd7 40. Rf7 Nxe5 41. Rgxg7+ Kh6 42. Rxb7 Rxb7 43. Rxb7 Kxh5 44. d7 Nc4+ 45. Kf2 Nd6 46. d8=Q Nxb7 47. Qg5# 1-0


[Site "https://www.chess.com"]

[Event "Titled Tuesday Blitz September 27 Early 2022"]
[White "Badelka, Olga"]
[Black "De Silva, L M S T"]
[WhiteFideId "13509926"]
[BlackFideId "9953698"]
[WhiteElo "2165"]
[BlackElo "1727"]
[Result "0-1"]
[Round "06"]
[TimeControl "180+1"]
[Date "2022.09.27"]
[WhiteClock "0:00:03"]
[BlackClock "0:01:36"]

1. c4 e5 2. Nc3 Nf6 3. Nf3 Nc6 4. e3 Bb4 5. Qc2 Bxc3 6. Qxc3 d6 7. b4 O-O 8. b5 Ne7 9. Bb2 Ng6 10. Be2 c6 11. a4 Be6 12. h4 Ne4 13. Qc2 f5 14. h5 Ne7 15. h6 g6 16. d3 Nf6 17. Ng5 Qd7 18. f4 exf4 19. exf4 d5 20. Be5 d4 21. Bf3 c5 22. Nxe6 Qxe6 23. Bxb7 Rab8 24. Bf3 g5 25. O-O-O g4 26. Bd5 Nexd5 27. cxd5 Nxd5 28. Qc4 Rbd8 29. Rhe1 Qf7 30. Bg7 Rfe8 31. Rxe8+ Qxe8 32. Be5 Qe6 33. Kb2 Rc8 34. Re1 Kf7 35. a5 Ne3 36. Qxe6+ Kxe6 37. b6 axb6 38. axb6 Rc6 39. b7 Rb6+ 40. Ka3 Rxb7 41. Rc1 Kd5 42. g3 c4 43. dxc4+ Nxc4+ 44. Ka4 d3 45. Bc3 Ke4 46. Re1+ Kf3 47. Re6 d2 48. Bxd2 Nxd2 49. Rf6 Kxg3 50. Rxf5 Kf3 51. Rg5 g3 52. Rg7 Rb8 53. Rxh7 g2 54. Rg7 Ne4 55. h7 Rh8 56. f5 Ng3 57. f6 g1=Q 0-1


[Site "https://www.chess.com"]

[Event "Titled Tuesday Blitz September 27 Early 2022"]
[White "Balabayeva, Xeniya"]
[Black "Zaichenko, Daria"]
[WhiteFideId "13719688"]
[BlackFideId "4197453"]
[WhiteElo "1895"]
[BlackElo "2039"]
[Result "1-0"]
[Round "06"]
[TimeControl "180+1"]
[Date "2022.09.27"]
[WhiteClock "0:00:04"]
[BlackClock "0:00:01"]

1. e4 c5 2. Nf3 Nc6 3. Bb5 Nf6 4. Qe2 d6 5. O-O Bd7 6. c3 e5 7. Rd1 Be7 8. d4 O-O 9. dxe5 Nxe5 10. Nxe5 dxe5 11. Bxd7 Nxd7 12. Na3 a6 13. Nc4 Qc7 14. Ne3 Nb6 15. Nf5 Rad8 16. Be3 g6 17. Ng3 Kg7 18. Qg4 Kh8 19. h4 Qc8 20. Qf3 Qe6 21. Bg5 f5 22. Bxe7 Qxe7 23. exf5 Rxd1+ 24. Rxd1 Qxh4 25. Qe2 Qf6 26. fxg6 hxg6 27. Ne4 Qf5 28. Nxc5 Kg7 29. Nxb7 Nc4 30. b3 Nb6 31. Nd6 Qf4 32. Ne4 Rh8 33. g3 Qf5 34. Kf1 Rh1+ 35. Kg2 Qh3+ 36. Kf3 Qh5+ 37. g4 Qh3+ 38. Ng3 Rh2 39. Qxe5+ Kh7 40. Qc7+ Kh6 41. Qf4+ Kg7 42. Rd6 Qg2+ 43. Ke3 Nd5+ 44. Rxd5 Qxd5 45. Nf5+ gxf5 46. Qxh2 Qe4+ 47. Kd2 fxg4 48. Qc7+ Kg6 49. Qd6+ Kg5 50. Qd3 Qe5 51. Qe3+ 1-0


[Site "https://www.chess.com"]

[Event "Titled Tuesday Blitz September 27 Early 2022"]
[White "Balkum, Alexander"]
[Black "Rosen, Eric"]
[WhiteFideId "2005069"]
[BlackFideId "2032562"]
[WhiteElo "2371"]
[BlackElo "2362"]
[Result "1-0"]
[Round "06"]
[TimeControl "180+1"]
[Date "2022.09.27"]
[WhiteClock "0:00:17"]
[BlackClock "0:00:03"]

1. e4 c5 2. Nf3 d6 3. d4 Nf6 4. Nc3 cxd4 5. Nxd4 g6 6. Be3 Bg7 7. Be2 O-O 8. Qd2 Nc6 9. O-O-O Nxd4 10. Bxd4 Be6 11. h4 b5 12. Bxb5 Rb8 13. Ba4 Qa5 14. Bb3 Rfc8 15. Kb1 Qb4 16. Nd5 Qxd2 17. Nxf6+ Bxf6 18. Rxd2 Kg7 19. f4 Bxb3 20. axb3 Bxd4 21. Rxd4 Rb5 22. Rhd1 Kf6 23. Rd5 Rb4 24. R1d4 Rcb8 25. Kc1 Ke6 26. Kd2 f5 27. Kd3 fxe4+ 28. Rxe4+ Rxe4 29. Kxe4 Rb4+ 30. Rd4 Rxd4+ 31. Kxd4 Kf5 32. Ke3 Kg4 33. b4 Kxh4 34. c4 Kg4 35. c5 dxc5 36. bxc5 Kf5 37. Kd4 Ke6 38. b4 a6 39. Ke4 h6 40. g4 h5 41. f5+ gxf5+ 42. gxf5+ Kd7 43. Kf4 Kc6 44. Kg5 Kb5 45. Kxh5 a5 46. bxa5 Kxa5 47. Kg6 Kb5 48. Kf7 e5 49. fxe6 Kxc5 50. e7 Kd4 51. e8=Q Kc3 52. Qe6 Kd4 53. Ke7 1-0


[Site "https://www.chess.com"]

[Event "Titled Tuesday Blitz September 27 Early 2022"]
[White "Barash, Anton"]
[Black "Crevatin, Leo"]
[WhiteFideId "30935229"]
[BlackFideId "1726307"]
[WhiteElo "2245"]
[BlackElo "2156"]
[Result "1-0"]
[Round "06"]
[TimeControl "180+1"]
[Date "2022.09.27"]
[WhiteClock "0:00:04"]
[BlackClock "0:00:01"]

1. e4 c5 2. Nf3 d6 3. d4 cxd4 4. Nxd4 Nf6 5. Nc3 a6 6. Bg5 e6 7. f4 Nbd7 8. Qe2 Qc7 9. O-O-O Be7 10. Nf3 h6 11. Bh4 Ng8 12. Qd2 Bxh4 13. Nxh4 Ne7 14. Qxd6 Qxd6 15. Rxd6 b5 16. Be2 Bb7 17. a3 Nc5 18. Rhd1 Nxe4 19. Nxe4 Bxe4 20. Bf3 Bd5 21. a4 bxa4 22. c4 Bxf3 23. Nxf3 O-O 24. Ne5 f6 25. Nd7 Rfe8 26. Rxe6 Rac8 27. Nb6 Rc7 28. Rde1 Kf7 29. Nd5 Rxc4+ 30. Kb1 Nxd5 31. Rxe8 Rxf4 32. Ra8 Nb4 33. Rb8 a5 34. Rc1 Rf2 35. Rg1 g5 36. Rb5 Nd3 37. Ka1 Kg6 38. Rxa5 Nxb2 39. Rb1 Nd3 40. Rg1 Nb2 41. Rb5 Nc4 42. Rb4 Ne3 43. Rxa4 Rxg2 44. Re1 Ng4 45. h3 Ne5 46. Ra6 Kh5 47. Rf1 1-0


[Site "https://www.chess.com"]

[Event "Titled Tuesday Blitz September 27 Early 2022"]
[White "Bartel, Michal"]
[Black "Mladek, Richard"]
[WhiteFideId "1119257"]
[BlackFideId "386588"]
[WhiteElo "2274"]
[BlackElo "2263"]
[Result "1-0"]
[Round "06"]
[TimeControl "180+1"]
[Date "2022.09.27"]
[WhiteClock "0:00:21"]
[BlackClock "0:00:08"]

1. e4 f5 2. exf5 Nf6 3. d4 d5 4. Bd3 c5 5. dxc5 e5 6. Bg5 Bxc5 7. Bxf6 Qxf6 8. Nc3 Bb4 9. Ne2 O-O 10. a3 Bxc3+ 11. Nxc3 e4 12. Be2 d4 13. Nxe4 Qe5 14. Ng3 Bxf5 15. Nxf5 Rxf5 16. O-O Nc6 17. Bf3 Raf8 18. Qd3 Kh8 19. Rae1 Qf6 20. Bxc6 bxc6 21. f3 Rb5 22. b3 Rc5 23. Rf2 Rc3 24. Qe4 d3 25. cxd3 Rxb3 26. a4 h6 27. Rc2 Rc3 28. Rd2 Rd8 29. a5 Rd4 30. Qe3 c5 31. Rb1 c4 32. Rbd1 Qd6 33. h4 Kh7 34. h5 Rcxd3 35. Rxd3 cxd3 36. Rd2 Rd5 37. Qxa7 Qf4 38. Qf2 Rc5 39. g3 Rc1+ 40. Kg2 Qc4 41. Qe3 Rc2 42. a6 Qc3 43. Qe4+ Kg8 44. Rxc2 Qxc2+ 45. Kh3 Qc8+ 46. g4 Qxa6 47. Qe8+ Kh7 48. Qe4+ Kg8 49. Kg3 Qd6+ 50. Kf2 d2 51. Qe8+ Kh7 52. Qe4+ g6 53. hxg6+ Kg7 54. Qf5 Qd4+ 55. Kg2 Qc4 56. Qd7+ Kxg6 57. Qxd2 Qc5 58. Qd3+ Kg5 59. Qd2+ Kg6 60. Kh3 Qe5 61. Qd3+ Kg7 62. Qe4 Qc5 63. f4 Qf2 64. Qe5+ Kg6 65. f5+ Kf7 66. Qe6+ Kg7 67. Qg6+ Kf8 68. Qxh6+ Kf7 69. Qh5+ Kg7 70. Qg5+ Kf7 71. Qh4 Qf3+ 72. Qg3 Qh1+ 73. Qh2 Qf3+ 74. Kh4 Kf6 75. Qd6+ Kf7 76. Qe6+ Kg7 77. Qe5+ Kf7 78. Kg5 Qh1 79. Qe6+ Kg7 80. Qg6+ Kf8 81. Qh6+ 1-0


[Site "https://www.chess.com"]

[Event "Titled Tuesday Blitz September 27 Early 2022"]
[White "Baskakov, Egor"]
[Black "Ahn, Hongjin"]
[WhiteFideId "24197866"]
[BlackFideId "13201492"]
[WhiteElo "2211"]
[BlackElo "1873"]
[Result "1-0"]
[Round "06"]
[TimeControl "180+1"]
[Date "2022.09.27"]
[WhiteClock "0:01:58"]
[BlackClock "0:00:01"]

1. e4 c5 2. Nf3 Nf6 3. Nc3 d5 4. exd5 Nxd5 5. Bc4 Nb6 6. Bb5+ Bd7 7. O-O e6 8. d4 a6 9. Bxd7+ Qxd7 10. Re1 cxd4 11. Nxd4 Bc5 12. Be3 Be7 13. Qg4 O-O 14. Rad1 Qc8 15. Nxe6 fxe6 16. Bxb6 Nc6 17. Qxe6+ Qxe6 18. Rxe6 Bf6 19. Ne4 Bxb2 20. Rb1 Ba3 21. Bc5 Bxc5 22. Nxc5 Nd4 23. Re7 b6 24. Rxb6 1-0


[Site "https://www.chess.com"]

[Event "Titled Tuesday Blitz September 27 Early 2022"]
[White "Becerra, Juan David"]
[Black "Arabidze, Meri"]
[WhiteFideId "4404998"]
[BlackFideId "13604040"]
[WhiteElo "2278"]
[BlackElo "2335"]
[Result "1/2-1/2"]
[Round "06"]
[TimeControl "180+1"]
[Date "2022.09.27"]
[WhiteClock "0:00:21"]
[BlackClock "0:00:24"]

1. e4 c5 2. d4 cxd4 3. c3 dxc3 4. Nxc3 Nc6 5. Nf3 d6 6. Bc4 Nf6 7. e5 dxe5 8. Qxd8+ Nxd8 9. Nb5 Rb8 10. Nxe5 e6 11. Be3 Bb4+ 12. Ke2 Nc6 13. Nd3 a6 14. Nxb4 Nxb4 15. Nc7+ Kd7 16. Rhd1+ Nbd5 17. Bxd5 Nxd5 18. Rac1 Ke7 19. Ba7 Bd7 20. Nxd5+ exd5 21. Bxb8 Rxb8 22. Rxd5 Bc6 23. Rd3 Bb5 24. Rc7+ Ke6 25. Ke3 Bxd3 26. Kxd3 Rd8+ 27. Kc3 Rd7 28. Rxd7 Kxd7 29. Kd4 Kd6 30. a4 a5 31. f3 f6 32. Kc4 Kc6 33. g3 g6 34. h3 h6 35. h4 f5 36. g4 fxg4 37. fxg4 h5 38. gxh5 gxh5 39. Kd4 Kd6 40. Ke4 Ke6 41. Kf4 Kf6 42. Ke4 Ke6 43. Kd4 Kd6 44. Kc4 Kc6 45. b3 b6 46. b4 axb4 47. Kxb4 Kc7 48. Kb5 Kb7 49. Kb4 Ka6 50. Kc4 Ka5 51. Kb3 b5 52. axb5 Kxb5 53. Kc3 Kc5 54. Kd3 Kd5 55. Ke3 Ke5 56. Kf3 Kf5 57. Kg2 Kg4 58. Kh1 Kxh4 59. Kg1 Kg4 60. Kh1 h4 61. Kg1 Kg3 62. Kh1 h3 63. Kg1 h2+ 64. Kh1 Kh3 1/2-1/2


[Site "https://www.chess.com"]

[Event "Titled Tuesday Blitz September 27 Early 2022"]
[White "Begunov, Konstantin"]
[Black "Johnson, Ben"]
[WhiteFideId "4118510"]
[BlackFideId "2010917"]
[WhiteElo "2165"]
[BlackElo "2204"]
[Result "0-1"]
[Round "06"]
[TimeControl "180+1"]
[Date "2022.09.27"]
[WhiteClock "0:00:14"]
[BlackClock "0:00:18"]

1. d4 Nf6 2. c4 e6 3. Nf3 d5 4. Nc3 Bb4 5. Qa4+ Nc6 6. Ne5 Bd7 7. Nxc6 Bxc3+ 8. bxc3 Bxc6 9. Qb3 O-O 10. e3 b6 11. cxd5 Bxd5 12. c4 Be4 13. Bb2 c5 14. Rd1 Qc7 15. f3 Bg6 16. d5 exd5 17. cxd5 b5 18. Bxf6 gxf6 19. Qxb5 Rab8 20. Qc6 Qa5+ 21. Kf2 Rb2+ 22. Kg3 Qxa2 23. Qxf6 Rb6 24. Qc3 Bc2 25. Bc4 Rg6+ 26. Kh3 Bf5+ 27. g4 Qf2 0-1


[Site "https://www.chess.com"]